TOP OF THE 1ST |
Houston (WIN) Astros batting - Pitching for Chicago (WIN) White Sox : RHP Cortez Laris
|
Pitching: RHP Cortez Laris
|
|
Batting: RHB Chris Trites
|
0-0: Ball 1-0: SINGLE (Line Drive, 6D, EV 95.0 MPH)
|
Batting: SHB Terciero Ortiz
|
0-0: Foul Ball, location: 9LSF 0-1: Ball 1-1: Ball 2-1: Sac Bunt to 23 - play at first, batter OUT! 3-4 Chris Trites to second
|
Batting: RHB Elijah Hunter
|
0-0: Ball 1-0: Called Strike 1-1: Ball 2-1: Fly out, F5 (Line Drive, 56, EV 64.4 MPH)
|
Batting: RHB Bruce Bermudez
|
0-0: Ball 1-0: Ball 2-0: Ball 3-0: Called Strike 3-1: DOUBLE (Line Drive, 9LM, EV 108.1 MPH) Chris Trites scores
|
Batting: RHB Alex Campos
|
0-0: Ball 1-0: Ball 2-0: Called Strike 2-1: Ball 3-1: Ground out 5-3 (Groundball, 5, EV 82.5 MPH)
|
Top of the 1st over - 1 run, 2 hits, 0 errors, 1 left on base; Houston (WIN) 1 - Chicago (WIN) 0 |
BOTTOM OF THE 1ST |
Chicago (WIN) White Sox batting - Pitching for Houston (WIN) Astros : LHP Joey Callanta
|
Pitching: LHP Joey Callanta
|
|
Batting: SHB Veit Geisler
|
0-0: Ball 1-0: Ball 2-0: Fly out, F7 (Flyball, 7, EV 86.9 MPH)
|
Batting: LHB Jason Bell
|
0-0: Ball 1-0: Called Strike 1-1: Fly out, F8 (Flyball, 89M, EV 98.8 MPH)
|
Batting: LHB Carlos Ramirez
|
0-0: Ball 1-0: Ball 2-0: SINGLE (Groundball, 6MD, EV 97.5 MPH)
|
Batting: LHB Larry Myers
|
0-0: Ball 1-0: Foul Ball, location: 5FF 1-1: Ball 2-1: Foul Ball, location: 3DF 2-2: Ball 3-2: Foul Ball, location: 7LSF 3-2: SINGLE (Flyball, 6D, EV 85.0 MPH) Carlos Ramirez to second Carlos Ramirez to third
|
Batting: LHB Matt Hyde
|
0-0: Ball 1-0: Fly out, F6 (Line Drive, 6, EV 65.0 MPH)
|
Bottom of the 1st over - 0 runs, 2 hits, 0 errors, 2 left on base; Houston (WIN) 1 - Chicago (WIN) 0 |
TOP OF THE 2ND |
Houston (WIN) Astros batting - Pitching for Chicago (WIN) White Sox : RHP Cortez Laris
|
Batting: SHB Steve Ramsey
|
0-0: Ball 1-0: Ball 2-0: Ball 3-0: Foul Ball, location: 2F 3-1: Called Strike 3-2: Strikes out looking and he ARGUES THE CALL AND IS TOSSED!
|
Batting: RHB Roberto Rios
|
0-0: Ball 1-0: Called Strike 1-1: Ball 2-1: Called Strike 2-2: Foul Ball, location: 3F 2-2: Ball 3-2: Strikes out swinging
|
Batting: RHB Bill Borden
|
0-0: Ball 1-0: DOUBLE (Line Drive, 78M, EV 94.4 MPH)
|
Batting: LHB Casper Significant
|
0-0: Swinging Strike 0-1: Swinging Strike 0-2: Strikes out swinging
|
Top of the 2nd over - 0 runs, 1 hit, 0 errors, 1 left on base; Houston (WIN) 1 - Chicago (WIN) 0 |
BOTTOM OF THE 2ND |
Chicago (WIN) White Sox batting - Pitching for Houston (WIN) Astros : LHP Joey Callanta
|
Now in LF: Elijah Hunter
|
|
Now in RF: Roger Pelley
|
|
Batting: RHB Danny Heikkila
|
0-0: Called Strike 0-1: Ball 1-1: Ball 2-1: Ball 3-1: Base on Balls
|
Batting: LHB Herkko Haavikko
|
0-0: Called Strike 0-1: Ball 1-1: TRIPLE (Line Drive, 89XD, EV 105.0 MPH) Danny Heikkila scores
|
Batting: SHB Matt Childers
|
0-0: Called Strike 0-1: Foul Ball, location: 2F 0-2: Ball 1-2: Fly out, F9 (Flyball, 89S, EV 91.9 MPH)
|
Batting: RHB Jose Medina
|
0-0: Called Strike 0-1: Ball 1-1: Ball 2-1: Foul Ball, location: 5F 2-2: Ball 3-2: Fly out, F9 (Flyball, 9D, EV 103.1 MPH)
|
Batting: SHB Veit Geisler
|
0-0: Ball 1-0: Ball 2-0: Ball 3-0: Called Strike 3-1: Base on Balls
|
Batting: LHB Jason Bell
|
0-0: Foul Ball, location: 7LMF 0-1: Ball 1-1: Ball 2-1: Ground out 4-3 (Groundball, 4MS, EV 91.9 MPH)
|
Bottom of the 2nd over - 1 run, 1 hit, 0 errors, 2 left on base; Houston (WIN) 1 - Chicago (WIN) 1 |
TOP OF THE 3RD |
Houston (WIN) Astros batting - Pitching for Chicago (WIN) White Sox : RHP Cortez Laris
|
Batting: RHB Chris Trites
|
0-0: Called Strike 0-1: Ground out 6-3 (Groundball, 6, EV 83.1 MPH)
|
Batting: SHB Terciero Ortiz
|
0-0: Called Strike 0-1: Ball 1-1: Fly out, F8 (Flyball, 8RD, EV 96.9 MPH)
|
Batting: RHB Elijah Hunter
|
0-0: Foul Ball, location: 3DF 0-1: Ball 1-1: Ball 2-1: Ball 3-1: Ground out 6-3 (Groundball, 56, EV 85.0 MPH)
|
Top of the 3rd over - 0 runs, 0 hits, 0 errors, 0 left on base; Houston (WIN) 1 - Chicago (WIN) 1 |
BOTTOM OF THE 3RD |
Chicago (WIN) White Sox batting - Pitching for Houston (WIN) Astros : LHP Joey Callanta
|
Batting: LHB Carlos Ramirez
|
0-0: Ball 1-0: Called Strike 1-1: Fly out, F8 (Flyball, 8LXD, EV 106.3 MPH)
|
Batting: LHB Larry Myers
|
0-0: Foul Ball, location: 5FF 0-1: Ball 1-1: SINGLE (Groundball, 56D, EV 101.9 MPH)
|
Batting: LHB Matt Hyde
|
0-0: Ball 1-0: Foul Ball, location: 9LMF 1-1: SINGLE (Groundball, 6D, EV 84.4 MPH) (infield hit) Larry Myers to second
|
Batting: RHB Danny Heikkila
|
0-0: Ball 1-0: Fly out, F8 (Flyball, 8LD, EV 95.0 MPH)
|
Batting: LHB Herkko Haavikko
|
0-0: Called Strike 0-1: Ball 1-1: Ball 2-1: Ball 3-1: Base on Balls Larry Myers to third Matt Hyde to second
|
Batting: SHB Matt Childers
|
0-0: Ball 1-0: Foul Ball, location: 23F 1-1: SINGLE (Groundball, 34D, EV 104.4 MPH) Larry Myers scores Matt Hyde to third Herkko Haavikko to second Runner from 3rd tries for Home, throw by RF and OUT! 9-2
|
Bottom of the 3rd over - 1 run, 3 hits, 0 errors, 2 left on base; Houston (WIN) 1 - Chicago (WIN) 2 |
TOP OF THE 4TH |
Houston (WIN) Astros batting - Pitching for Chicago (WIN) White Sox : RHP Cortez Laris
|
Batting: RHB Bruce Bermudez
|
0-0: Called Strike 0-1: Ball 1-1: Ball 2-1: Fly out, F7 (Flyball, 7, EV 89.4 MPH)
|
Batting: RHB Alex Campos
|
0-0: Ball 1-0: Called Strike 1-1: Called Strike 1-2: Strikes out looking
|
Batting: RHB Roger Pelley
|
0-0: Ball 1-0: Foul Ball, location: 9LMF 1-1: Swinging Strike 1-2: Strikes out swinging
|
Top of the 4th over - 0 runs, 0 hits, 0 errors, 0 left on base; Houston (WIN) 1 - Chicago (WIN) 2 |
BOTTOM OF THE 4TH |
Chicago (WIN) White Sox batting - Pitching for Houston (WIN) Astros : LHP Joey Callanta
|
Batting: RHB Jose Medina
|
0-0: Ball 1-0: Fly out, F9 (Flyball, 9, EV 96.3 MPH)
|
Batting: SHB Veit Geisler
|
0-0: Called Strike 0-1: SINGLE (Line Drive, 9S, EV 86.9 MPH)
|
Batting: LHB Jason Bell
|
0-0: Ball 1-0: Called Strike 1-1: Ball 2-1: Called Strike 2-2: Strikes out swinging
|
Batting: LHB Carlos Ramirez
|
0-0: Ball 1-0: Foul Ball, location: 2F 1-1: Ball 2-1: Fly out, F5 (Line Drive, 56, EV 68.1 MPH)
|
Bottom of the 4th over - 0 runs, 1 hit, 0 errors, 1 left on base; Houston (WIN) 1 - Chicago (WIN) 2 |
TOP OF THE 5TH |
Houston (WIN) Astros batting - Pitching for Chicago (WIN) White Sox : RHP Cortez Laris
|
Batting: RHB Roberto Rios
|
0-0: Foul Ball, location: 9LMF 0-1: Called Strike 0-2: Foul Ball, location: 3F 0-2: Ball 1-2: Ball 2-2: Foul Ball, location: 3SF 2-2: Strikes out swinging
|
Batting: RHB Bill Borden
|
0-0: Foul Ball, location: 2F 0-1: Foul Ball, location: 23F 0-2: Ball 1-2: Foul Ball, location: 5F 1-2: Ball 2-2: Ball 3-2: Strikes out swinging
|
Batting: LHB Casper Significant
|
0-0: Fly out, F8 (Flyball, 78D, EV 103.8 MPH)
|
Top of the 5th over - 0 runs, 0 hits, 0 errors, 0 left on base; Houston (WIN) 1 - Chicago (WIN) 2 |
BOTTOM OF THE 5TH |
Chicago (WIN) White Sox batting - Pitching for Houston (WIN) Astros : LHP Joey Callanta
|
Pitching: RHP Ernie Bell
|
|
Batting: LHB Larry Myers
|
0-0: Ball 1-0: Called Strike 1-1: Foul Ball, location: 23F 1-2: Ground out 6-3 (Groundball, 6, EV 111.3 MPH)
|
Batting: LHB Matt Hyde
|
0-0: Ball 1-0: Ground out 5-3 (Groundball, 56, EV 102.5 MPH)
|
Batting: RHB Danny Heikkila
|
0-0: Ball 1-0: Ball 2-0: Foul Ball, location: 5F 2-1: Called Strike 2-2: Ball 3-2: Foul Ball, location: 25F 3-2: Base on Balls
|
Batting: LHB Herkko Haavikko
|
0-0: Ball 1-0: Ball 2-0: Called Strike 2-1: Ball 3-1: Foul Ball, location: 25FF 3-2: Base on Balls Danny Heikkila to second
|
Batting: SHB Matt Childers
|
0-0: Foul Ball, location: 5DF 0-1: Ball 1-1: Ball 2-1: Foul Ball, location: 9LMF 2-2: Foul Ball, location: 9LSFF 2-2: Ball 3-2: Foul Ball, location: 3F 3-2: Foul Ball, location: 7LSF 3-2: Base on Balls Danny Heikkila to third Herkko Haavikko to second
|
Batting: RHB Jose Medina
|
0-0: Foul Ball, location: 23F 0-1: Ball 1-1: Foul Ball, location: 2F 1-2: Foul Ball, location: 5FF 1-2: Foul Ball, location: 2F 1-2: Foul Ball, location: 2RF 1-2: Strikes out looking
|
Bottom of the 5th over - 0 runs, 0 hits, 0 errors, 3 left on base; Houston (WIN) 1 - Chicago (WIN) 2 |
TOP OF THE 6TH |
Houston (WIN) Astros batting - Pitching for Chicago (WIN) White Sox : RHP Cortez Laris
|
Batting: RHB Chris Trites
|
0-0: Foul Ball, location: 9LMF 0-1: Ball 1-1: Swinging Strike 1-2: Strikes out looking
|
Batting: SHB Terciero Ortiz
|
0-0: Fly out, F8 (Flyball, 8RXD, EV 111.3 MPH)
|
Batting: RHB Elijah Hunter
|
0-0: Called Strike 0-1: Ball 1-1: Swinging Strike 1-2: Ball 2-2: Ball 3-2: Ground out 6-3 (Groundball, 56, EV 86.3 MPH)
|
Top of the 6th over - 0 runs, 0 hits, 0 errors, 0 left on base; Houston (WIN) 1 - Chicago (WIN) 2 |
BOTTOM OF THE 6TH |
Chicago (WIN) White Sox batting - Pitching for Houston (WIN) Astros : RHP Ernie Bell
|
Batting: SHB Veit Geisler
|
0-0: Foul Ball, location: 2F 0-1: Foul Ball, location: 5DF 0-2: Foul Ball, location: 7LSF 0-2: Ball 1-2: Foul Ball, location: 3FF 1-2: Foul Ball, location: 3FF 1-2: Ground out 4-3 (Groundball, 4S, EV 90.0 MPH)
|
Batting: LHB Jason Bell
|
0-0: Called Strike 0-1: Foul Ball, location: 2F 0-2: Ball 1-2: SINGLE (Groundball, 6M, EV 104.4 MPH)
|
Pitching: RHP Marty Jackson
|
|
Batting: LHB Carlos Ramirez
|
0-0: Foul Ball, location: 23F 0-1: Swinging Strike 0-2: Fly out, F9 (Flyball, 9, EV 81.3 MPH)
|
Batting: LHB Larry Myers
|
0-0: Ball 1-0: Swinging Strike 1-1: Swinging Strike 1-2: Strikes out swinging
|
Bottom of the 6th over - 0 runs, 1 hit, 0 errors, 1 left on base; Houston (WIN) 1 - Chicago (WIN) 2 |
TOP OF THE 7TH |
Houston (WIN) Astros batting - Pitching for Chicago (WIN) White Sox : RHP Cortez Laris
|
Batting: RHB Bruce Bermudez
|
0-0: Called Strike 0-1: Ball 1-1: Ball 2-1: Ball 3-1: Base on Balls
|
Batting: RHB Alex Campos
|
0-0: Swinging Strike 0-1: Foul Ball, location: 7LMFF 0-2: Foul Ball, location: 5F 0-2: Ball 1-2: Ball 2-2: Grounds into double play, 4-6-3 (Groundball, 4D, EV 106.3 MPH)
|
Pitching: LHP Miguel Moreno
|
|
Batting: RHB Roger Pelley
|
0-0: Fly out, F9 (Flyball, 89S, EV 93.1 MPH)
|
Top of the 7th over - 0 runs, 0 hits, 0 errors, 0 left on base; Houston (WIN) 1 - Chicago (WIN) 2 |
BOTTOM OF THE 7TH |
Chicago (WIN) White Sox batting - Pitching for Houston (WIN) Astros : RHP Marty Jackson
|
Batting: LHB Matt Hyde
|
0-0: Hit by Pitch
|
Batting: RHB Danny Heikkila
|
0-0: Called Strike Matt Hyde is caught stealing 2nd base 2-4 0-1: Ball 1-1: Foul Ball, location: 9LMF 1-2: Fly out, F6 (Line Drive, 6, EV 72.5 MPH)
|
Batting: LHB Herkko Haavikko
|
0-0: Called Strike 0-1: SINGLE (Line Drive, 78M, EV 92.5 MPH)
|
Batting: SHB Matt Childers
|
0-0: Swinging Strike 0-1: Foul Ball, location: 5FF 0-2: Ball 1-2: Ball 2-2: Foul Ball, location: 25FF 2-2: Ball 3-2: Strikes out looking
|
Bottom of the 7th over - 0 runs, 1 hit, 0 errors, 1 left on base; Houston (WIN) 1 - Chicago (WIN) 2 |
TOP OF THE 8TH |
Houston (WIN) Astros batting - Pitching for Chicago (WIN) White Sox : LHP Miguel Moreno
|
Batting: RHB Roberto Rios
|
0-0: Called Strike 0-1: Called Strike 0-2: Foul Ball, location: 2F 0-2: Foul Ball, location: 23FF 0-2: Foul Ball, location: 5DF 0-2: Strikes out looking
|
Batting: RHB Bill Borden
|
0-0: Ball 1-0: Ball 2-0: Ground out 6-3 (Groundball, 6, EV 101.9 MPH)
|
Batting: LHB Casper Significant
|
0-0: Foul Ball, location: 25F 0-1: SINGLE (Flyball, 6MD, EV 90.6 MPH)
|
Pitching: RHP Nate Myers
|
|
Batting: RHB Chris Trites
|
0-0: Fly out, F8 (Flyball, 8LD, EV 110.6 MPH)
|
Top of the 8th over - 0 runs, 1 hit, 0 errors, 1 left on base; Houston (WIN) 1 - Chicago (WIN) 2 |
BOTTOM OF THE 8TH |
Chicago (WIN) White Sox batting - Pitching for Houston (WIN) Astros : RHP Marty Jackson
|
Batting: RHB Jose Medina
|
0-0: Called Strike 0-1: Swinging Strike 0-2: Ball 1-2: Ball 2-2: Ball 3-2: Foul Ball, location: 7LDF 3-2: Foul Ball, location: 5SF 3-2: Ground out 6-3 (Groundball, 6, EV 104.4 MPH)
|
Batting: SHB Veit Geisler
|
0-0: Called Strike 0-1: Ball 1-1: Foul Ball, location: 2RF 1-2: Foul Ball, location: 9LSF 1-2: Foul Ball, location: 2F 1-2: SINGLE (Line Drive, 78M, EV 101.9 MPH)
|
Pitching: LHP Jason Mitchell
|
|
Batting: LHB Jason Bell
|
0-0: Ball 1-0: Swinging Strike 1-1: Fly out, F8 (Flyball, 8LS, EV 73.1 MPH)
|
Batting: LHB Carlos Ramirez
|
0-0: Ball 1-0: Foul Ball, location: 2F 1-1: Swinging Strike 1-2: Strikes out swinging
|
Bottom of the 8th over - 0 runs, 1 hit, 0 errors, 1 left on base; Houston (WIN) 1 - Chicago (WIN) 2 |
TOP OF THE 9TH |
Houston (WIN) Astros batting - Pitching for Chicago (WIN) White Sox : RHP Nate Myers
|
Now at 1B: Dalton Silveira
|
|
Batting: SHB Terciero Ortiz
|
0-0: Called Strike 0-1: Fly out, F7 (Line Drive, 7LS, EV 78.8 MPH)
|
Batting: RHB Elijah Hunter
|
0-0: Called Strike 0-1: Ball 1-1: Foul Ball, location: 23F 1-2: Strikes out swinging
|
Batting: RHB Bruce Bermudez
|
0-0: Foul Ball, location: 2F 0-1: Fly out, F8 (Flyball, 8RD, EV 96.3 MPH)
|
Top of the 9th over - 0 runs, 0 hits, 0 errors, 0 left on base; Houston (WIN) 1 - Chicago (WIN) 2 |
|